 Dungeon Sprint DCSS version 0.25-a0-41-g6cf4ce537d (webtiles) character file.

Game seed: 12843715851029820862, levelgen mode: deterministic

1271 GordonOverkill the Cleaver (level 8, 0/78 HPs)
             Began as a Minotaur Gladiator on Oct 21, 2019.
             Was a Follower of Okawaru.
             Slain by a demonic crawler (7 damage)
             ... in the Dungeon (Sprint I: "Red Sonja").
             The game lasted 00:02:13 (759 turns).

GordonOverkill the Cleaver (Minotaur Gladiator)      Turns: 759, Time: 00:02:14

Health: 0/78       AC:  6    Str: 21    XL:     8   Next: 28%
Magic:  5/10       EV: 20    Int:  5    God:    Okawaru [*.....]
Gold:   405        SH:  0    Dex: 12    Spells: 7/7 levels left

rFire    . . .     SeeInvis .   a - +0 war axe
rCold    . . .     Gourm    .   (no shield)
rNeg     . . .     Faith    .   m - +3 leather armour
rPois    .         Spirit   .   c - +0 hat
rElec    .         Reflect  .   (no cloak)
rCorr    .         Harm     .   (no gloves)
MR       .....     NoTele   +   (no boots)
Stlth    +++.......             (no amulet)
HPRegen  0.23/turn              (no ring)
MPRegen  0.12/turn              (no ring)

@: heroism
A: retaliatory headbutt, horns 2
a: Heroism, Renounce Religion


You were in the Dungeon.
You worshipped Okawaru.
Okawaru was aware of your devotion.
You were not hungry.

You visited 1 branch You collected 405 gold pieces.

Inventory:

Hand Weapons
 a - a +0 war axe (weapon)
Missiles
 d - 3 throwing nets (quivered)
Armour
 c - a +0 hat (worn)
 m - a +3 leather armour (worn)
Wands
 l - a wand of random effects (16)
 n - a wand of iceblast (4)
 o - a wand of polymorph (8)
Scrolls
 k - a scroll of blinking
Potions
 e - a potion of curing
 g - a potion of heal wounds
 h - a potion of haste
 i - 2 potions of magic
 j - a potion of berserk rage
Comestibles
 f - a ration


   Skills:
 + Level 9.6(14.6) Fighting
 * Level 13.1(18.1) Axes
 + Level 8.0(13.0) Throwing
 + Level 9.2(14.2) Dodging
 + Level 4.2 Invocations
 + Level 3.6 Evocations


You had 7 spell levels left.
You didn't know any spells.
Your spell library was empty.

Dungeon Overview and Level Annotations

Branches:
Dungeon (1/1)

Altars:
Cheibriados
Dithmenos
Elyvilon
Fedhas
Gozag
Hepliaklqana
Kikubaaqudgha
Makhleb
Nemelex Xobeh
Okawaru
Qazlal
Ru
Sif Muna
Trog
Uskayaw
Vehumet
Wu Jian
Xom
Yredelemnul
Zin
The Shining One
Jiyva
Lugonu

Shops:
D }


Innate Abilities, Weirdness & Mutations

You reflexively headbutt those who attack you in melee.
You have a pair of horns on your head.


Message History

The demonic crawler is lightly wounded.
You slice the demonic crawler!!
You feel like a meek peon again. The demonic crawler hits you.
The demonic crawler hits you!
The demonic crawler completely misses you.
The demonic crawler hits you! The demonic crawler hits you. x2
You are too injured to fight recklessly!
You are too injured to fight recklessly!
You are too injured to fight recklessly!
You gain the combat prowess of a mighty hero.
The demonic crawler misses you. x2
The demonic crawler completely misses you.
The demonic crawler misses you.
The demonic crawler hits you but does no damage.
The demonic crawler hits you!
* * * LOW HITPOINT WARNING * * *
The demonic crawler misses you. The demonic crawler hits you!
* * * LOW HITPOINT WARNING * * *
The demonic crawler hits you!
You die...

##################
.#..'..#__#..')..#
.').#..'^.'..#).@##+#
'#####'#__####...sss#
.#...#(#### #####s.+
##..##.# +## _##'#_.+
..รท..._# _##_.#'#
_###+#.# ## ###


You could see 4 demonic crawlers.

Vanquished Creatures
  2 kobold demonologists (D)
  A slime creature (D)
  Sigmund (D)
  A yak (D)
  A floating eye (D)
  An ogre (D)
  A jelly (D)
  Ijyb (D)
9 creatures vanquished.

Notes
Turn   | Place    | Note
-------+----------+-------------------------------------------
     0 | D        | GordonOverkill the Minotaur Gladiator began the quest for
                  | the Orb.
     0 | D        | Reached XP level 1. HP: 18/18 MP: 0/0
     1 | D        | Noticed Ijyb
    11 | D        | Killed Ijyb
    11 | D        | Reached skill level 5 in Axes
    11 | D        | Reached XP level 2. HP: 10/27 MP: 1/1
   199 | D        | Noticed an ogre
   201 | D        | Killed an ogre
   201 | D        | Reached skill level 5 in Fighting
   201 | D        | Reached skill level 7 in Axes
   201 | D        | Reached skill level 5 in Dodging
   201 | D        | Reached XP level 3. HP: 36/36 MP: 2/2
   201 | D        | Reached XP level 4. HP: 42/42 MP: 3/3
   265 | D        | Noticed Sigmund
   274 | D        | Killed Sigmund
   274 | D        | Reached skill level 10 in Axes
   274 | D        | Reached skill level 5 in Throwing
   274 | D        | Reached XP level 5. HP: 52/52 MP: 4/4
   274 | D        | Reached XP level 6. HP: 60/60 MP: 5/5
   291 | D        | Found a shimmering blue altar of Sif Muna.
   292 | D        | Found an ornate altar of the Wu Jian Council.
   293 | D        | Found a radiant altar of Vehumet.
   386 | D        | Found Joasemm's Gadget Emporium.
   386 | D        | Found an ancient bone altar of Kikubaaqudgha.
   386 | D        | Found a hazy altar of Hepliaklqana.
   386 | D        | Found a stormy altar of Qazlal.
   386 | D        | Found a hide-covered altar of Uskayaw.
   386 | D        | Found a blossoming altar of Fedhas.
   386 | D        | Found a bloodstained altar of Trog.
   386 | D        | Found an iron altar of Okawaru.
   386 | D        | Found a basalt altar of Yredelemnul.
   386 | D        | Found a glowing golden altar of the Shining One.
   386 | D        | Found a snail-covered altar of Cheibriados.
   386 | D        | Found a sacrificial altar of Ru.
   386 | D        | Found a glowing silver altar of Zin.
   386 | D        | Found a shadowy altar of Dithmenos.
   386 | D        | Found a white marble altar of Elyvilon.
   386 | D        | Noticed a yak
   396 | D        | Killed a yak
   396 | D        | Reached skill level 11 in Axes
   397 | D        | Found an opulent altar of Gozag.
   398 | D        | Found a sparkling altar of Nemelex Xobeh.
   550 | D        | Became a worshipper of Warmaster Okawaru
   563 | D        | Found a viscous altar of Jiyva.
   563 | D        | Found a corrupted altar of Lugonu.
   563 | D        | Noticed a slime creature
   564 | D        | Found a burning altar of Makhleb.
   564 | D        | Found a shimmering altar of Xom.
   568 | D        | Killed a slime creature
   568 | D        | Reached * piety under Okawaru
   568 | D        | Reached skill level 1 in Evocations
   568 | D        | Reached XP level 7. HP: 36/69 MP: 5/7
   736 | D        | Noticed a kobold demonologist
   736 | D        | Noticed a kobold demonologist
   741 | D        | Reached skill level 12 in Axes
   745 | D        | Killed a kobold demonologist
   745 | D        | Reached XP level 8. HP: 73/78 MP: 5/9
   748 | D        | Killed a kobold demonologist
   748 | D        | Reached ** piety under Okawaru
   748 | D        | Reached skill level 13 in Axes
   754 | D        | Noticed a demonic crawler
   754 | D        | Noticed a demonic crawler
   754 | D        | Noticed a demonic crawler
   754 | D        | Noticed a demonic crawler
   759 | D        | Slain by a demonic crawler

Levels and vault maps discovered:
D:        dungeon_sprint_1 [red_sonja_temple_1, red_sonja_temple_small_1]

Skill      XL: |  1  2  3  4  5  6  7  8 |
---------------+-------------------------+-----
Fighting       | 3 5 7 8 9 |  9.6
Axes           | 5 7 10 11 12 13 | 13.1
Throwing       | 3 4 5 7 8 |  8.0
Dodging        | 4 5 6 8 9 |  9.2
Invocations    | 2 3 4 |  4.2
Evocations     | 1 3 |  3.6

Action                   |  1- 3 |  4- 6 |  7- 9 || total
-------------------------+-------+-------+-------++-------
Melee: War axe           |     9 |    20 |    12 ||    41
       Headbutt          |     2 |     5 |     3 ||    10
Invok: Heroism           |       |       |     2 ||     2
Evoke: Wand              |     2 |     4 |       ||     6
Armor: Leather armour    |     2 |     2 |     4 ||     8
Dodge: Dodged            |     2 |    10 |    14 ||    26

Table legend:
 A = Non-vault XP
 B = Vault XP
 C = Vault XP percentage of total XP
 D = Non-vault monster count
 E = Vault monster count
 F = Vault count percentage of total count
                 A         B        C        D         E       F
            +---------+---------+-------+---------+---------+-------
      Total |       0 |    1817 | 100.0 |       0 |       9 | 100.0
            +---------+---------+-------+---------+---------+-------
          D |       0 |    1817 | 100.0 |       0 |       9 | 100.0
            +---------+---------+-------+---------+---------+-------
